Map: Vigía EE

Players

MrFercho - Winner!

  • Race: Zerg Zerg
  • Spawn Location: 6:00

tigro - Winner!

  • Race: Terran Terran
  • League: Bronze
  • Spawn Location: 5:00

TATORREA - Winner!

  • Race: Protoss Protoss
  • League: Silver
  • Spawn Location: 5:00

Glashole

  • Race: Protoss Protoss
  • Spawn Location: 12:00

Domitian

  • Race: Terran Terran
  • Spawn Location: 9:00

ZergTamer

  • Race: Terran Terran
  • Spawn Location: 9:00

VOD

Have the link to the VOD?

Description

Time

  • Played on: June 11, 2020, 8:24 p.m.
  • Length: 16:55
Show
View Real Time Build Order
Export as new Build Order

MrFercho Zerg - Winner!

Build Orders: Hatch First 

Get SALT Encoding   

  12  0:01  Drone  
  13  0:13  Overlord  
  13  0:23  Drone  
  14  0:33  Drone x2  
  16  0:43  Drone  
  16  0:47  Drone  
  18  1:02  Drone  
  19  1:06  Hatchery  
  18  1:18  Overlord  
  18  1:24  Spawning Pool  
  17  1:31  Drone  
  17  1:32  Drone  
  19  1:45  Drone  
  20  1:51  Extractor  
  19  1:54  Drone  
  20  2:05  Drone  
  21  2:13  Drone  
  22  2:19  Queen  
  22  2:20  Queen  
  22  2:21  Drone  
  28  2:22  Drone  
  28  2:31  Drone  
  28  2:36  Drone  
  30  2:39  Drone  
  31  2:44  Drone  
  32  2:51  Drone  
  32  2:55  Drone  
  34  3:02  Queen  
  36  3:07  Lair  
  36  3:09  Overlord  
  36  3:10  Overlord  
  36  3:17  Extractor  
  36  3:18  Drone  
  36  3:20  Extractor, Drone  
  36  3:28  Drone x2  
  38  3:40  Roach Warren  
  37  3:42  Metabolic Boost  
  37  3:53  Baneling Nest, Drone x6  
  42  4:22  Drone x6  
  48  4:35  Overseer  
  48  4:37  Overseer  
  48  4:47  Drone x2  
  48  4:48  Drone x2  
  48  4:49  Overlord x2  
  52  4:58  Hatchery  
  51  5:09  Extractor  
  51  5:11  Drone x3  
  51  5:14  Drone x3  
  58  5:21  Roach x2  
  60  5:40  Drone x8  
  60  5:42  Overlord x2  
  68  5:57  Evolution Chamber  
  68  6:03  Evolution Chamber  
  66  6:06  Hydralisk Den  
  65  6:16  Queen  
  65  6:17  Drone x8  
  75  6:24  Extractor  
  74  6:29  Extractor  
  73  6:54  Drone x3  
  73  6:55  Drone x6  
  73  6:57  Drone x4  
  86  7:17  Grooved Spines  
  86  7:20  Zerg Ground Armor Level 1, Zerg Missile Weapons Level 1  
  86  7:34  Spire  
  86  7:35  Drone x2, Spire  
  86  7:36  Drone  
  87  7:38  Drone x3  
  87  7:39  Overlord x2  
  87  7:40  Overlord x2  
  87  7:41  Overlord  
  90  8:06  Hatchery  
  89  8:23  Hydralisk x12  
  113  8:29  Muscular Augments  
  113  8:32  Hatchery  
  112  8:46  Drone  
  112  8:47  Drone x7  
  112  8:48  Drone  
  121  8:54  Overlord x4  
  121  9:12  Hydralisk x9  
  139  9:25  Spore Crawler x2  
  139  9:28  Spore Crawler  
  139  9:29  Spore Crawler  
  139  9:30  Extractor  
  134  9:33  Extractor  
  134  9:34  Spore Crawler  
  134  9:35  Spore Crawler  
  131  9:38  Zerg Missile Weapons Level 2, Zerg Ground Armor Level 2, Spore Crawler  
  131  9:45  Infestation Pit  
  129  9:47  Zerg Flyer Armor Level 1, Zerg Flyer Weapons Level 1  
  129  9:48  Hydralisk x13  
  155  9:53  Overlord x3  
  155  10:17  Hydralisk x8  
  171  10:34  Overseer  
  171  10:38  Hydralisk x5  
  171  10:39  Hydralisk x4  
  189  11:03  Hydralisk x4  
  197  11:25  Overlord x4  
  197  11:27  Drone  
  198  11:33  Hydralisk x2  
  198  11:34  Hydralisk  
  198  11:44  Hydralisk  
  184  11:54  Hatchery x2  
  184  11:55  Hydralisk x2  
  184  11:56  Hatchery x2, Hydralisk x14  
  184  11:58  Hatchery  
  185  12:07  Hydralisk x9  
  181  12:10  Hive  
  181  12:11  Zerg Flyer Armor Level 2  
  151  12:43  Drone x4  
  151  12:44  Drone x4  
  157  12:45  Drone x4  
  157  12:46  Drone  
  157  12:49  Hydralisk  
  157  12:50  Hydralisk x4  
  174  12:56  Overseer  
  174  13:05  Extractor  
  173  13:08  Hydralisk x13  
  199  13:50  Zerg Missile Weapons Level 3, Zerg Ground Armor Level 3  
  187  13:56  Hydralisk x8  
  187  13:58  Hydralisk  
  187  13:59  Hydralisk x2  
  187  14:02  Hydralisk x5  
  191  14:16  Hydralisk x4  
  199  14:19  Extractor  
  196  15:11  Hydralisk x2  
  200  16:31  Spine Crawler  
Show
View Real Time Build Order
Export as new Build Order

tigro Terran - Winner!

Build Orders:  

Get SALT Encoding   

  12  0:02  SCV  
  13  0:14  SCV  
  14  0:27  SCV  
  15  0:30  Supply Depot  
  15  0:35  Refinery  
  15  0:51  SCV  
  16  0:58  Barracks  
  16  1:03  SCV  
  17  1:13  Refinery  
  17  1:15  SCV  
  18  1:27  SCV  
  18  1:30  Supply Depot  
  19  1:39  SCV  
  20  1:45  Marine  
  21  1:52  SCV  
  22  2:03  Marine  
  22  2:04  Barracks  
  24  2:08  SCV  
  24  2:20  SCV  
  24  2:21  Marine  
  26  2:24  Engineering Bay  
  26  2:32  SCV  
  27  2:39  Marine  
  28  2:45  Orbital Command  
  28  2:53  Barracks Tech Lab  
  28  2:57  Marine  
  29  3:02  Factory  
  29  3:07  Terran Infantry Weapons Level 1  
  29  3:15  Combat Shield  
  29  3:18  Barracks Tech Lab  
  29  3:52  Stimpack  
  29  4:05  Command Center  
  29  4:06  Factory Tech Lab  
  29  4:15  Starport, Marine x2  
  31  4:34  Concussive Shells  
  31  4:53  Armory  
  31  4:55  Marine x2  
  33  5:01  Terran Infantry Armor Level 1  
  33  5:10  Medivac  
  33  5:12  Marine  
  33  5:13  Marine  
  37  5:19  Refinery, SCV  
  38  5:30  Marine  
  38  5:31  SCV  
  40  5:42  Starport Tech Lab  
  40  5:43  SCV  
  40  5:49  Fusion Core  
  41  5:56  SCV  
  42  6:08  SCV  
  43  6:20  SCV  
  44  6:32  Refinery, SCV  
  45  6:33  Siege Tank  
  48  6:42  Missile Turret  
  48  6:44  SCV  
  49  6:55  Hi-Sec Auto Tracking  
  49  6:56  SCV  
  49  6:57  Weapon Refit  
  50  7:05  Siege Tank  
  53  7:14  Marine  
  53  7:15  Marine  
  55  7:19  Missile Turret  
  55  7:32  Marine x2  
  57  7:39  Supply Depot  
  57  7:50  Marine x2  
  59  7:52  Neosteel Armor  
  59  7:56  Missile Turret  
  59  8:01  Planetary Fortress  
  59  8:02  Supply Depot  
  59  8:08  Marine x2  
  61  8:24  Supply Depot  
  61  8:26  Marine x2  
  63  8:31  Battlecruiser  
  69  8:37  Rapid Reignition System, Thor  
  69  8:41  Missile Turret  
  75  9:14  Command Center  
  75  9:35  Battlecruiser  
  81  9:39  Refinery  
  81  10:25  Terran Infantry Weapons Level 2  
  81  10:30  Missile Turret  
  81  10:33  Hyperflight Rotors  
  81  10:35  Drilling Claws  
  81  10:38  Widow Mine  
  81  10:40  Battlecruiser  
  89  10:51  SCV, Missile Turret  
  90  11:00  Refinery  
  90  11:03  SCV  
  91  11:10  Missile Turret  
  91  11:15  SCV  
  92  11:27  SCV  
  93  11:36  Marine  
  93  11:37  Marine  
  93  11:39  SCV  
  96  11:44  Battlecruiser  
  102  11:47  Thor  
  108  11:54  Marine x2  
  108  11:56  Terran Vehicle Weapons Level 1  
  110  12:12  Marine x2  
  108  12:30  Marine x2  
  103  12:41  Terran Infantry Armor Level 2  
  103  12:48  Medivac, Marine x2  
  107  13:05  Marine  
  107  13:06  Marine  
  95  13:18  Battlecruiser  
  94  13:23  Marine x2  
  88  13:41  Marine x2  
  89  13:50  Terran Vehicle And Ship Armor Level 1  
  89  13:54  Thor  
  94  13:59  Marine x2  
  96  14:17  Marine x2  
  96  14:22  Battlecruiser  
  102  14:34  Marine  
  102  14:35  Marine  
  102  14:37  Thor  
  110  14:52  Marine  
  110  14:53  Marine  
  112  15:10  Marine x2  
  114  15:26  Battlecruiser  
  114  15:28  Marine x2  
  120  16:05  Marine x2  
  120  16:23  Marine x2  
Show
View Real Time Build Order
Export as new Build Order

TATORREA Protoss - Winner!

Build Orders:  

Get SALT Encoding   

  12  0:01  Probe  
  13  0:19  Probe  
  13  0:20  Pylon  
  14  0:31  Probe  
  15  0:45  Gateway  
  15  0:50  Gateway  
  15  0:52  Probe  
  16  0:59  Assimilator  
  17  1:04  Probe  
  17  1:20  Probe  
  18  1:25  Pylon  
  19  1:32  Probe  
  19  1:55  Probe  
  19  1:57  Cybernetics Core  
  20  2:07  Probe  
  21  2:15  Warp Gate  
  21  2:19  Probe, Nexus  
  21  2:21  Zealot  
  24  2:28  Assimilator  
  24  2:31  Probe  
  25  2:39  Pylon  
  25  2:43  Probe  
  26  2:55  Probe  
  26  2:56  Stalker x2  
  31  3:08  Probe  
  31  3:11  Pylon  
  32  3:20  Probe  
  32  3:26  Zealot x2  
  37  3:32  Probe  
  37  3:33  Probe  
  39  3:41  Twilight Council  
  39  3:44  Probe  
  39  3:45  Probe  
  41  3:56  Probe  
  41  3:57  Probe  
  43  4:05  Stalker x2  
  43  4:08  Probe  
  43  4:09  Probe  
  49  4:23  Probe  
  50  4:24  Probe  
  51  4:40  Pylon  
  51  4:42  Probe x2  
  53  4:52  Assimilator  
  53  4:54  Assimilator  
  53  4:55  Pylon  
  53  4:56  Nexus  
  53  4:59  Pylon, Probe x2  
  49  5:03  Pylon  
  41  5:09  Charge  
  41  5:13  Probe x2  
  44  5:35  Probe  
  44  5:36  Probe  
  44  5:38  Gateway  
  44  5:39  Gateway  
  44  5:41  Gateway  
  45  5:46  Gateway  
  45  5:48  Gateway, Probe x2  
  47  6:08  Stargate  
  47  6:09  Probe  
  47  6:10  Probe x2  
  47  6:11  Stargate  
  50  6:13  Robotics Facility  
  50  6:18  Stalker x2  
  52  6:22  Probe x3  
  57  6:31  Pylon  
  57  6:34  Probe  
  57  6:35  Pylon  
  57  6:36  Probe x2  
  57  6:38  Pylon  
  60  6:42  Pylon  
  60  6:45  Stalker x3  
  60  6:46  Stalker, Probe  
  69  6:48  Probe x2  
  71  6:56  Oracle  
  71  6:57  Oracle  
  77  7:10  Assimilator, Probe x2  
  77  7:11  Assimilator  
  77  7:14  Blink  
  79  7:23  Forge  
  79  7:25  Forge  
  79  7:28  Forge  
  79  7:29  Cybernetics Core  
  79  8:10  Stalker x3  
  79  8:11  Stalker x4  
  93  8:14  Void Ray  
  93  8:17  Nexus  
  93  8:18  Void Ray  
  93  8:19  Pylon x2  
  101  8:23  Pylon  
  101  8:24  Pylon  
  101  8:27  Protoss Ground Weapons Level 1, Protoss Shields Level 1  
  101  8:28  Protoss Ground Armor Level 1, Pylon  
  101  8:44  Protoss Air Weapons Level 1  
  101  8:46  Fleet Beacon  
  101  8:48  Protoss Air Armor Level 1  
  98  9:23  Stalker x3  
  98  9:24  Stalker x4  
  103  9:27  Phoenix x2  
  103  9:30  Anion Pulse-Crystals  
  113  9:38  Photon Cannon  
  113  9:40  Photon Cannon  
  113  9:42  Photon Cannon  
  113  9:45  Photon Cannon  
  113  9:47  Photon Cannon x2  
  113  9:51  Photon Cannon  
  113  9:53  Photon Cannon  
  113  9:59  Probe x3  
  116  10:11  Pylon  
  116  10:13  Pylon  
  116  10:15  Photon Cannon  
  116  10:17  Photon Cannon, Pylon  
  116  10:18  Protoss Ground Weapons Level 2  
  116  10:19  Photon Cannon, Protoss Ground Armor Level 2, Phoenix  
  118  10:21  Protoss Shields Level 2  
  118  10:22  Phoenix  
  120  10:43  Protoss Air Weapons Level 2  
  120  10:49  Phoenix  
  122  10:50  Phoenix  
  122  10:52  Unknown  
  122  10:53  Protoss Air Armor Level 2  
  124  11:09  Assimilator  
  124  11:14  Assimilator, Zealot x4  
  124  11:15  Zealot x2  
  124  11:16  Zealot  
  138  11:19  Phoenix  
  138  11:20  Phoenix  
  142  11:26  Photon Cannon  
  142  11:46  Photon Cannon, Phoenix x2  
  146  11:49  Photon Cannon  
  100  12:55  Protoss Ground Weapons Level 3, Protoss Shields Level 3, Protoss Ground Armor Level 3  
  82  13:07  Stalker x7  
  82  13:12  Tempest, Carrier  
  96  13:18  Protoss Air Weapons Level 3  
  101  13:25  Protoss Air Armor Level 3  
  97  13:34  Zealot  
  97  13:35  Zealot x4  
  97  13:36  Zealot x2  
  109  13:56  Carrier  
  109  13:57  Zealot x7  
  129  14:16  Tempest  
  134  14:31  Zealot x3  
  134  14:32  Zealot x4  
  148  14:59  Tempest, Carrier  
  154  15:01  Zealot x4  
  154  15:02  Zealot x3  
  173  15:34  Zealot x4  
  173  15:35  Zealot  
  189  15:43  Carrier  
  189  15:48  Nexus  
  189  16:03  Tempest  
  194  16:16  Zealot x3  
Show
View Real Time Build Order
Export as new Build Order

Glashole Protoss 

Build Orders: Cannon Rush 

Get SALT Encoding   

  12  0:03  Probe  
  13  0:24  Pylon, Probe  
  14  0:36  Probe  
  15  0:45  Forge  
  15  0:51  Probe  
  15  0:57  Assimilator  
  16  1:02  Assimilator  
  16  1:03  Probe  
  17  1:15  Probe  
  18  1:22  Photon Cannon  
  18  1:29  Photon Cannon  
  18  1:39  Photon Cannon  
  18  1:52  Probe  
  18  1:53  Pylon  
  19  2:01  Pylon  
  19  2:04  Probe  
  20  2:14  Gateway  
  20  2:46  Nexus  
  20  2:50  Photon Cannon  
  20  2:59  Probe  
  21  3:11  Probe  
  21  3:12  Cybernetics Core  
  22  3:23  Probe  
  23  3:35  Probe  
  24  3:44  Assimilator  
  24  3:47  Probe  
  25  3:49  Assimilator  
  25  3:56  Stargate  
  25  3:59  Probe  
  26  4:03  Robotics Facility  
  26  4:07  Stargate  
  26  4:20  Protoss Shields Level 1  
  26  4:26  Probe  
  27  4:38  Probe  
  28  4:44  Probe  
  29  4:50  Probe  
  30  4:56  Probe  
  31  5:02  Probe  
  32  5:08  Probe  
  32  5:10  Void Ray  
  37  5:16  Void Ray  
  37  5:20  Probe  
  42  5:23  Observer  
  43  5:32  Probe  
  44  5:45  Observer  
  44  5:46  Probe  
  44  5:48  Protoss Air Weapons Level 1  
  46  5:58  Probe  
  47  6:04  Fleet Beacon  
  47  6:10  Probe  
  48  6:11  Void Ray  
  52  6:22  Probe  
  53  6:35  Probe  
  54  7:00  Nexus  
  54  7:12  Pylon  
  54  7:25  Pylon  
  54  7:32  Pylon  
  54  7:50  Twilight Council  
  54  7:57  Protoss Air Armor Level 1  
  54  7:59  Carrier  
  54  8:05  Carrier  
  66  8:26  Mothership  
  74  8:47  Probe  
  75  8:50  Assimilator  
  75  8:59  Probe  
  76  9:03  Void Ray  
  76  9:04  Assimilator  
  76  9:09  Void Ray  
  84  9:11  Probe  
  85  9:23  Probe  
  86  9:36  Probe  
  87  9:46  Carrier  
  93  9:58  Pylon  
  93  10:06  Pylon  
  93  10:16  Void Ray  
  97  10:30  Protoss Air Weapons Level 2  
  97  10:33  Protoss Shields Level 2  
  97  10:59  Carrier  
  103  11:10  Carrier  
  109  11:25  Pylon  
  93  12:05  Mothership  
  89  12:14  Void Ray, Pylon  
  84  12:15  Tempest  
  54  12:56  Immortal  
  54  12:57  Tempest  
  63  13:09  Probe  
  64  13:21  Probe  
  65  13:33  Probe  
  62  13:40  Tempest  
  59  13:54  Tempest  
Show
View Real Time Build Order
Export as new Build Order

Domitian Terran 

Build Orders:  

Get SALT Encoding   

  12  0:01  SCV  
  13  0:21  Supply Depot, SCV  
  14  0:33  SCV  
  15  0:36  Refinery  
  15  0:46  SCV  
  15  0:49  Barracks  
  16  0:58  SCV  
  16  1:01  Supply Depot  
  17  1:10  SCV  
  18  1:17  Barracks  
  18  1:22  SCV  
  19  1:36  Marine  
  20  1:43  SCV, Refinery  
  21  1:54  Marine  
  21  1:55  SCV  
  23  2:06  Barracks Reactor  
  23  2:07  SCV  
  24  2:12  Marine  
  24  2:13  Engineering Bay  
  25  2:19  SCV  
  26  2:24  Supply Depot  
  26  2:29  Marine  
  26  2:32  SCV  
  28  2:44  SCV  
  29  2:47  Marine x2  
  29  2:49  Factory  
  29  2:50  Marine  
  32  2:56  SCV  
  33  3:05  Marine  
  33  3:06  Supply Depot  
  33  3:08  SCV  
  35  3:18  Marine x2  
  37  3:23  Marine  
  37  3:25  Terran Infantry Weapons Level 1  
  38  3:37  Factory Tech Lab  
  38  3:44  Starport  
  38  3:45  SCV  
  38  3:46  Marine x2  
  41  3:48  Marine  
  42  4:00  Orbital Command  
  42  4:06  Marine  
  43  4:13  Supply Depot  
  43  4:18  Siege Tank  
  43  4:23  Marine  
  47  4:35  Marine x2  
  47  4:36  SCV  
  50  4:43  Supply Depot  
  50  4:45  Starport Tech Lab  
  50  4:48  SCV  
  50  4:51  Fusion Core  
  51  5:16  SCV  
  51  5:18  Marine  
  51  5:19  Terran Infantry Armor Level 1, Marine  
  54  5:23  Marine  
  55  5:35  Supply Depot  
  55  5:36  Marine  
  55  5:40  Battlecruiser  
  55  5:41  Marine  
  63  5:48  Starport  
  63  5:58  Marine  
  64  6:13  Missile Turret  
  64  6:20  Supply Depot  
  64  6:24  Starport Tech Lab  
  64  6:30  Armory  
  64  6:31  Marine  
  64  6:32  Marine  
  66  6:40  Missile Turret  
  66  6:46  SCV  
  67  6:49  Marine x2  
  67  6:51  Battlecruiser  
  75  7:23  Command Center  
  75  7:33  Battlecruiser  
  75  7:37  SCV  
  82  7:49  SCV  
  83  8:01  Supply Depot, SCV  
  83  8:02  Terran Ship Weapons Level 1  
  84  8:12  Refinery  
  84  8:13  SCV  
  85  8:21  Marine x2  
  85  8:25  SCV  
  88  8:29  Refinery  
  88  8:35  SCV  
  88  8:39  Marine  
  90  8:47  SCV  
  91  8:49  Battlecruiser  
  79  9:26  Missile Turret  
  79  9:29  SCV  
  80  9:35  SCV  
  81  9:41  SCV  
  82  9:47  SCV  
  82  9:51  Missile Turret  
  83  9:53  SCV  
  83  9:59  SCV  
  85  10:05  Terran Ship Weapons Level 2  
  85  10:06  SCV  
  86  10:11  SCV  
  87  10:23  SCV  
  88  10:28  Battlecruiser  
  88  10:35  SCV  
  95  10:49  Terran Infantry Weapons Level 2  
  95  11:03  Orbital Command  
  95  11:21  Battlecruiser  
  70  12:25  Battlecruiser  
  52  13:58  Orbital Command  
  22  14:23  Marine x3  
  25  14:30  SCV  
  26  14:41  Marine x3  
  29  14:59  Marine x3  
  32  15:01  SCV  
  31  15:17  SCV  
  23  15:29  SCV  
  24  15:41  SCV  
  18  15:53  SCV  
  8  16:06  SCV  
  8  16:12  Starport Tech Lab  
  8  16:25  Supply Depot  
Show
View Real Time Build Order
Export as new Build Order

ZergTamer Terran 

Build Orders:  

Get SALT Encoding   

  12  0:04  SCV  
  13  0:19  Supply Depot  
  13  0:45  SCV  
  13  0:46  Barracks  
  14  0:57  SCV  
  14  0:58  Supply Depot  
  15  1:10  SCV  
  15  1:11  Refinery  
  16  1:21  Supply Depot  
  16  1:22  SCV  
  17  1:33  Marine  
  17  1:34  SCV  
  19  1:46  SCV  
  20  1:51  Marine  
  21  1:58  SCV  
  21  2:00  Supply Depot  
  22  2:08  Marine  
  23  2:18  Barracks  
  23  2:24  Supply Depot  
  23  2:26  Marine  
  24  2:44  Marine  
  24  2:50  Supply Depot  
  25  3:02  Marine  
  26  3:11  Marine  
  27  3:13  Supply Depot  
  27  3:19  Barracks  
  27  3:20  Marine  
  28  3:28  Marine  
  28  3:31  SCV  
  30  3:36  Supply Depot  
  30  3:37  Marine  
  31  3:43  SCV  
  31  3:46  Marine  
  33  3:55  Marine, SCV  
  33  4:02  Supply Depot  
  35  4:04  Marine  
  35  4:07  SCV  
  35  4:08  Marine  
  35  4:09  Barracks  
  38  4:13  Marine  
  39  4:20  SCV  
  39  4:22  Marine  
  41  4:26  Marine  
  41  4:29  Supply Depot  
  41  4:30  Engineering Bay  
  41  4:31  Marine  
  42  4:32  SCV  
  44  4:40  Marine  
  44  4:44  Marine  
  46  4:49  Marine  
  47  4:57  Barracks  
  46  5:02  Marine  
  46  5:06  Marine  
  48  5:20  Marine  
  49  5:24  Marine  
  49  5:27  Command Center  
  49  5:28  Marine x2  
  52  5:37  Marine  
  52  5:42  Marine  
  54  5:44  Barracks  
  54  5:45  Supply Depot  
  54  5:46  Marine x2  
  56  6:07  Marine x5  
  61  6:13  Supply Depot  
  61  6:21  SCV  
  61  6:24  Marine  
  63  6:33  SCV  
  63  6:35  Supply Depot  
  63  6:36  Marine x3  
  67  6:46  SCV  
  68  6:48  SCV  
  69  6:58  SCV  
  69  7:00  SCV  
  71  7:06  Supply Depot  
  71  7:10  SCV  
  71  7:11  Marine x2  
  71  7:12  Marine, SCV  
  76  7:24  SCV  
  76  7:28  Factory  
  77  7:30  Supply Depot  
  77  7:38  Marine  
  77  7:39  Marine x5  
  83  7:56  Supply Depot, Marine x3  
  86  8:06  Marine x3  
  89  8:14  Marine x3  
  89  8:19  Supply Depot  
  92  8:23  Marine  
  92  8:24  Marine x2  
  92  8:25  Missile Turret  
  95  8:31  Missile Turret  
  95  8:32  Marine  
  96  8:46  Armory, Missile Turret  
  96  8:50  Marine x3  
  96  8:51  Marine x3  
  96  8:55  Supply Depot, Missile Turret  
  102  9:08  Marine x5  
  107  9:20  Supply Depot  
  107  9:24  Missile Turret  
  107  9:25  Missile Turret  
  107  9:43  Marine x6  
  107  9:44  Missile Turret  
  113  9:46  Missile Turret  
  113  9:54  Supply Depot  
  113  10:01  Marine x6  
  113  10:02  Terran Infantry Weapons Level 1  
  119  10:16  Supply Depot  
  119  10:18  Marine  
  119  10:19  Marine x5  
  125  10:24  Missile Turret  
  125  10:26  Missile Turret  
  125  10:36  Marine x2  
  125  10:37  Marine x4  
  131  10:45  Missile Turret  
  131  10:49  Missile Turret  
  131  10:56  Marine x5  
  136  10:57  Marine  
  136  11:04  Supply Depot  
  137  11:14  Marine x6  
  143  11:25  Missile Turret  
  143  11:28  Missile Turret  
  143  11:31  Marine  
  143  11:32  Marine x2  
  103  11:40  Marine x3  
  100  11:49  Marine x2  
  100  11:50  Marine  
  93  11:56  Terran Infantry Armor Level 1  
  93  11:58  Marine x3  
  78  12:07  Marine x3  
  58  12:16  Marine x3  
  50  12:25  Marine x3  
  48  12:34  Marine x3  
  49  12:43  Marine x3  
  46  12:51  Marine  
  46  12:52  Marine x2  
  41  13:01  Marine x3  
  35  13:09  Marine x3  
  29  13:18  Marine x2  
  29  13:19  Marine  
  24  13:27  Marine x3  
  27  13:36  Marine x3  
  24  13:45  Marine x2  
  26  13:54  Marine x2  
  20  14:03  Marine x2  
  19  14:12  Marine  
  19  14:20  Marine  
  19  14:21  Marine  
Tags
 
Add a new tag
Caveats
  • Supply blocks, unpowered buildings, or Contaminate may cause inaccurate times.
  • Supply counts are checked every 10 seconds.